 Dungeon Crawl Stone Soup version 0.19.0-18-g426998a (webtiles) character file.

34654 Chiseanne the Party-goer (level 13, -1/97 HPs)
             Began as a Demonspawn Hunter on Nov 11, 2016.
             Was a Follower of Uskayaw.
             Killed from afar by an electric eel (7 damage)
             ... with a bolt of electricity
             ... on level 6 of the Lair of Beasts.
             The game lasted 01:37:47 (20127 turns).

Chiseanne the Party-goer (Demonspawn Hunter)       Turns: 20127, Time: 01:37:47

Health: -1/97      AC: 21    Str: 12    XL:     13   Next: 43%
Magic:  21/21      EV: 16    Int: 14    God:    Uskayaw [*.....]
Gold:   659        SH:  0    Dex: 18    Spells: 0 memorised, 12 levels left

rFire  . . .     SeeInvis .     s - +1 war axe (freeze)
rCold  + + .     Gourm    .     j - +1 ring mail
rNeg   . . .     Faith    .     (no shield)
rPois  .         Spirit   .     (no helmet)
rElec  .         Reflect  .     u - +2 cloak of Urirchua {rC+ rCorr}
rCorr  +         Harm     .     U - +2 pair of gloves
MR     .....                    (no boots)
Stlth  +.........               g - amulet of magic regeneration
                                W - +2 ring of protection
                                m - +3 ring of protection

@: very slightly contaminated, drained
A: talons 2, iridescent scales 1, cold resistance 1, powered by pain 3, freezing
cloud immunity
a: Stomp, Renounce Religion


You were on level 6 of the Lair of Beasts.
You worshipped Uskayaw.
Uskayaw was aware of your devotion.
You were hungry.

You visited 3 branches of the dungeon, and saw 17 of its levels.
You also visited: Ossuary and Ice Cave.

You collected 659 gold pieces.

Inventory:

Hand Weapons
 a - a +3 scimitar of flaming
 d - a +1 short sword of venom
 e - a +0 blowgun
 s - a +1 war axe of freezing (weapon)
 w - a +1 hand crossbow
Missiles
 n - 7 silver javelins
 x - a curare-tipped needle
 y - 104 arrows
 A - 25 poisoned needles
 D - 20 bolts
 F - 6 tomahawks
 H - 64 sling bullets
 I - 8 javelins (quivered)
 K - 12 javelins of returning
Armour
 j - a +1 ring mail (worn)
 u - the +2 cloak of Urirchua (worn) {rC+ rCorr}
   (You found it on level 6 of the Dungeon)

   It protects you from cold.
   It protects you from acid and corrosion.
 U - a +2 pair of gloves (worn)
Jewellery
 g - an amulet of magic regeneration (around neck)
 l - an uncursed ring of protection from fire
 m - a +3 ring of protection (left hand)
 W - a +2 ring of protection (right hand)
Wands
 c - a wand of paralysis (10/24)
 X - a wand of iceblast (0/15)
Scrolls
 p - 4 scrolls of immolation
 z - 2 scrolls of remove curse
 B - a scroll of fog
 E - 3 scrolls of amnesia
 O - 2 scrolls of magic mapping
 T - 3 scrolls of identify
 Y - a scroll of enchant armour
Potions
 f - a potion of haste
 h - 2 potions of cure mutation
 k - a potion of ambrosia
 o - 2 potions of magic
 r - 7 potions of curing
 t - a potion of flight
 L - a potion of brilliance
 R - 3 potions of lignification
Books
 i - a book of Debilitation

   Spells                             Type                      Level
   a - Corona                         Hexes                        1
   b - Slow                           Hexes                        2
   c - Gell's Gravitas                Hexes/Translocation          3
   d - Inner Flame                    Hexes/Fire                   3
   e - Cause Fear                     Hexes                        4
   f - Leda's Liquefaction            Hexes/Earth                  4
 q - a book of Alchemy

   Spells                             Type                      Level
   a - Sublimation of Blood           Necromancy                   2
   b - Ignite Poison                  Fire/Transmutation/Poison    3
   c - Petrify                        Transmutation/Earth          4
   d - Alistair's Intoxication        Transmutation/Poison         5
   e - Irradiate                      Conjuration/Transmutation    5
 v - a book of Maledictions

   Spells                             Type                      Level
   a - Corona                         Hexes                        1
   b - Ensorcelled Hibernation        Hexes/Ice                    2
   c - Confuse                        Hexes                        3
   d - Tukima's Dance                 Hexes                        3
   e - Dazzling Spray                 Conjuration/Hexes            3
 M - a book of Minor Magic

   Spells                             Type                      Level
   a - Magic Dart                     Conjuration                  1
   b - Blink                          Translocation                2
   c - Call Imp                       Summoning                    2
   d - Repel Missiles                 Charms/Air                   2
   e - Slow                           Hexes                        2
   f - Conjure Flame                  Conjuration/Fire             3
   g - Mephitic Cloud                 Conjuration/Poison/Air       3
 Z - a book of the Sky

   Spells                             Type                      Level
   a - Summon Lightning Spire         Summoning/Air                4
   b - Airstrike                      Air                          4
   c - Silence                        Hexes/Air                    5
   d - Deflect Missiles               Charms/Air                   6
   e - Conjure Ball Lightning         Conjuration/Air              6
   f - Tornado                        Air                          9
Miscellaneous
 J - a box of beasts
 Q - 2 sacks of spiders
Comestibles
 b - 3 bread rations
 C - 14 fruits
 G - 4 beef jerkies
 S - a royal jelly
 V - a meat ration


   Skills:
 - Level 7.6(6.9) Fighting
 - Level 9.5(8.8) Long Blades
 * Level 3.3(2.6) Axes
 - Level 10.5(9.7) Crossbows
 - Level 3.6(3.0) Throwing
 - Level 8.2(7.5) Armour
 * Level 8.8(8.0) Dodging
 - Level 0.8(0.2) Stealth
 * Level 11.3(10.5) Invocations


You had 12 spell levels left.
You didn't know any spells.

Dungeon Overview and Level Annotations

Branches:
Dungeon (10/15)            Temple (1/1) D:4            Lair (6/6) D:9
  Swamp (0/4) Lair:4        Snake (0/4) Lair:3        Slime (0/5) Lair:5
    Orc: D:9-12

Altars:
Ashenzari
Cheibriados
Elyvilon
Gozag
Kikubaaqudgha
Makhleb
Nemelex Xobeh
Qazlal
Ru
Sif Muna
Uskayaw
Vehumet
Xom
The Shining One
Jiyva

Annotations:
Lair:5 1 runed door


Innate Abilities, Weirdness & Mutations

You have razor-sharp toenails.
You are partially covered in iridescent scales. (AC +2)
Your flesh is cold resistant. (rC+)
You are powered by pain.
You are immune to freezing clouds.


Message History

Moving in this stuff is going to be slow.
A boggart comes into view.
The boggart shouts!
An electric eel comes into view.
The electric eel shoots out a bolt of lightning at you!
The bolt of electricity hits you!
* * * LOW HITPOINT WARNING * * *
Okay, then.
Evoke which item? (* to show all) (? for menu, Esc to quit)
Zapping:
X - a wand of iceblast {zapped: 5} (will waste charges)
Press: ? - help, Shift-Dir - straight line, f - electric eel
Aim: an electric eel (water)
The mass of ice explodes!
The iceblast engulfs the electric eel.
The electric eel is almost dead.
The iceblast engulfs the plant.
The plant is lightly damaged.
Evoking this partially-identified wand wasted a few charges.
The electric eel shoots out a bolt of lightning at you!
The bolt of electricity hits you!
You die...

≈.# ≈.#
..P≈P≈≈≈≈≈≈≈P♣
.#
..P≈≈P≈≈≈≈≈≈≈♣♣
+#.
..≈≈≈≈≈P≈≈≈≈≈≈♣
....
...P≈≈≈≈≈≈≈≈≈≈P
....
....PgP≈≈≈≈≈≈≈≈
.)..
....≈≈≈P≈≈≈≈;PP
....
..≈≈≈≈P≈≈≈≈≈≈≈P
....
..P≈≈P≈@≈≈≈PP≈♣
#.#P
...PP≈≈≈≈≈P≈♣♣♣
.##
..≈P≈≈≈≈≈≈♣♣♣
#. .....≈≈≈♣♣♣
.........
#....P#..
PP...##.. ...#.
#...


You could see a boggart and an electric eel.

Vanquished Creatures
  Erica (D:9)
  4 hydras
  A catoblepas (Lair:2)
  8 elephants (Lair:4)
  2 black mambas
  6 spiny frogs
  A rime drake (Lair:2)
  6 komodo dragons
  2 polar bears
  A tyrant leech (Lair:4)
  A two-headed ogre (D:9)
  A hornet (Lair:6)
  2 hippogriffs
  6 blink frogs
  A redback (Lair:6)
  2 wyverns
  14 spriggans
  3 basilisks
  33 yaks
  2 hungry ghosts
  A swamp worm (Lair:4)
  5 nagas (Lair:3)
  12 water moccasins
  4 orc warriors
  10 porcupines
  2 ice beasts (D:8)
  3 ogres
  5 black bears
  An eye of draining (D:8)
  A necrophage (D:10)
  3 phantoms
  2 boggarts (Lair:6)
  35 wolves
  3 centaurs (D:8)
  18 crocodiles
  3 big kobolds
  16 bullfrogs
  2 scorpions
  5 killer bees (D:8)
  3 howler monkeys
  3 crimson imps
  2 centaur zombies
  4 hounds
  A human zombie (Ossuary)
  3 jellies
  10 orc priests
  A gnoll shaman (D:7)
  5 orc wizards
  A centaur skeleton (D:4)
  8 iguanas
  Natasha (thrice) (D:2 D:4)
  8 worker ants
  2 big kobold zombies (Ossuary)
  A hound skeleton (D:8)
  4 mummies (Ossuary)
  A worker ant zombie (D:5)
  8 adders
  12 white imps (Lair:1)
  An adder skeleton (D:7)
  A worm (D:4)
  A dart slug (D:1)
  5 leopard geckos
  38 orcs
  2 giant cockroaches
  4 goblins
  4 hobgoblins
  20 jackals
  2 quokkas
  5 bats
  13 frilled lizards
  2 gnoll zombies (Ossuary)
  A jackal zombie (D:8)
  16 kobolds
  A kobold zombie (Ossuary)
  A leopard gecko zombie (D:8)
  An orc zombie (Ossuary)
  5 rats
  A butterfly (Lair:3)
  14 fungi
  3 plants
449 creatures vanquished.

Vanquished Creatures (collateral kills)
  An ice devil (Lair:1)
  5 dream sheep (Lair:5)
6 creatures vanquished.

Vanquished Creatures (others)
  A kobold (D:7)
  26 fungi
  13 plants
40 creatures vanquished.

Grand Total: 495 creatures vanquished

Notes
Turn   | Place    | Note
-------+----------+-------------------------------------------
     0 | D:1      | Chiseanne the Demonspawn Hunter began the quest for the Orb.
     0 | D:1      | Reached XP level 1. HP: 16/16 MP: 1/1
   133 | D:2      | Gained mutation: You have sharp toenails. [demonic ancestry]
   133 | D:2      | Reached XP level 2. HP: 20/22 MP: 2/2
   136 | D:2      | Reached skill level 1 in Armour
   391 | D:2      | Gained mutation: You sometimes gain a little power by taking damage. [demonic ancestry]
   391 | D:2      | Reached XP level 3. HP: 25/27 MP: 3/3
   588 | D:2      | Noticed Natasha
   592 | D:2      | Killed Natasha
   592 | D:2      | Reached XP level 4. HP: 31/34 MP: 4/4
  1118 | D:4      | Found a staircase to the Ecumenical Temple.
  1199 | Temple   | Entered the Ecumenical Temple
  1419 | Temple   | Became a worshipper of Uskayaw the Reveler
  1447 | D:4      | Found a sand-covered staircase.
  1450 | D:4      | Noticed Natasha
  1467 | D:4      | Reached * piety under Uskayaw
  1469 | D:4      | Reached ** piety under Uskayaw
  1470 | D:4      | Killed Natasha
  1470 | D:4      | Gained mutation: You are partially covered in iridescent scales. (AC +2) [demonic ancestry]
  1470 | D:4      | Reached XP level 5. HP: 36/39 MP: 5/5
  1495 | Ossuary  | Entered an ossuary
  1598 | Ossuary  | Reached *** piety under Uskayaw
  1673 | Ossuary  | Reached skill level 5 in Crossbows
  1992 | Ossuary  | Gained mutation: Your flesh is cold resistant. (rC+) [demonic ancestry]
  1992 | Ossuary  | Reached XP level 6. HP: 44/47 MP: 6/6
  2015 | Ossuary  | Reached **** piety under Uskayaw
  2117 | D:4      | Noticed Natasha
  2134 | D:4      | Killed Natasha
  2633 | D:5      | Entered Level 5 of the Dungeon
  2698 | D:5      | Found a snail-covered altar of Cheibriados.
  2778 | D:6      | Found an opulent altar of Gozag.
  2817 | D:6      | Found a sparkling altar of Nemelex Xobeh.
  2972 | D:7      | Noticed a hungry ghost
  2985 | D:7      | Reached XP level 7. HP: 31/52 MP: 7/7
  3016 | D:7      | Reached ***** piety under Uskayaw
  3066 | D:7      | Killed a hungry ghost
  3087 | D:7      | Gained mutation: You have razor-sharp toenails. [demonic ancestry]
  3087 | D:7      | Reached XP level 8. HP: 16/60 MP: 3/8
  3380 | D:6      | Got a scorched cloak
  3475 | D:6      | Identified the +2 cloak of Urirchua {rC+ rCorr} (You found it on level 6 of the Dungeon)
  4266 | D:7      | Reached skill level 5 in Fighting
  4551 | D:8      | Reached skill level 5 in Dodging
  4869 | D:8      | Noticed a hippogriff
  4886 | D:8      | Killed a hippogriff
  4886 | D:8      | Reached XP level 9. HP: 59/68 MP: 9/9
  5048 | D:8      | Reached skill level 5 in Armour
  6593 | D:9      | Found a staircase to the Lair.
  6723 | D:9      | Noticed Erica
  6736 | D:10     | Entered Level 10 of the Dungeon
  7098 | D:10     | Reached XP level 10. HP: 77/77 MP: 10/10
  8208 | D:9      | Reached skill level 1 in Throwing
  8508 | D:9      | Killed Erica
  8876 | Lair:1   | Entered Level 1 of the Lair of Beasts
  9098 | Lair:1   | Found a frozen archway.
  9134 | IceCv    | Entered an ice cave
  9571 | Lair:2   | Reached skill level 1 in Long Blades
  9769 | Lair:2   | Noticed a catoblepas
  9824 | Lair:2   | Killed a catoblepas
 10197 | Lair:2   | Gained mutation: You sometimes gain power by taking damage. [demonic ancestry]
 10197 | Lair:2   | Reached XP level 11. HP: 69/84 MP: 11/11
 11721 | Lair:2   | Noticed a seven-headed hydra
 11732 | Lair:2   | Killed a four-headed hydra
 11732 | Lair:2   | Reached skill level 5 in Long Blades
 12797 | Lair:2   | Reached skill level 1 in Invocations
 12816 | Lair:1   | Reached skill level 10 in Crossbows
 12830 | Lair:1   | Reached skill level 2 in Invocations
 13173 | Lair:1   | Noticed a five-headed hydra
 13180 | Lair:1   | Killed a five-headed hydra
 13180 | Lair:1   | Reached skill level 3 in Invocations
 13180 | Lair:1   | Gained mutation: You are powered by pain. [demonic ancestry]
 13180 | Lair:1   | Reached XP level 12. HP: 59/91 MP: 12/14
 13183 | Lair:1   | Reached skill level 4 in Invocations
 13828 | Lair:3   | Reached skill level 5 in Invocations
 14299 | Lair:3   | Found a staircase to the Snake Pit.
 14357 | Lair:3   | Reached skill level 6 in Invocations
 14785 | Lair:3   | Noticed a four-headed hydra
 14798 | Lair:3   | Killed a one-headed hydra
 14798 | Lair:3   | Reached skill level 7 in Invocations
 15204 | Lair:4   | Noticed an eight-headed hydra
 15216 | Lair:4   | Killed a three-headed hydra
 15591 | Lair:4   | Reached skill level 8 in Invocations
 15932 | Lair:4   | Reached skill level 9 in Invocations
 16675 | Lair:4   | Found a staircase to the Swamp.
 16793 | Lair:5   | Reached skill level 10 in Invocations
 16931 | Lair:5   | Found a runed door.
 16931 | Lair:5   | Found a viscous altar of Jiyva.
 16931 | Lair:5   | Found a staircase to the Slime Pits.
 16949 | Lair:5   | Gained mutation: You are immune to freezing clouds. [demonic ancestry]
 16949 | Lair:5   | Reached XP level 13. HP: 54/97 MP: 20/20
 18233 | Lair:5   | Reached skill level 1 in Axes
 18663 | Lair:6   | Entered Level 6 of the Lair of Beasts
 19245 | Lair:6   | Reached skill level 11 in Invocations
 20031 | Lair:6   | Got an encrusted whip
 20037 | Lair:6   | Identified the +0 whip "Dragon's Tongue" {antimagic, rPois rF+ Str+3} (You found it on level 6 of the Lair of Beasts)
 20127 | Lair:6   | Killed from afar by an electric eel

Skill      XL: |  1  2  3  4  5  6  7  8  9 10 11 12 13 |
---------------+----------------------------------------+-----
Armour         | 1 2 3 4 6 7 8 |  8.2
Dodging        | 2 3 4 5 6 7 8 |  8.8
Crossbows      | 4 5 6 7 9 10 | 10.5
Fighting       | 3 4 5 6 7 |  7.6
Throwing       | 3 |  3.6
Long Blades    | 2 6 9 |  9.5
Invocations    | 3 10 11 | 11.3
Axes           | 3 |  3.3
Stealth        | |  0.8

Action                   |  1- 3 |  4- 6 |  7- 9 | 10-12 | 13-15 || total
-------------------------+-------+-------+-------+-------+-------++-------
Melee: Short sword       |    43 |       |   334 |   375 |       ||   752
       Kick              |     6 |    75 |   127 |   345 |   103 ||   656
       Dagger            |    10 |   244 |   135 |       |     1 ||   390
       War axe           |       |       |     8 |    29 |    75 ||   112
       Scimitar          |       |       |       |   544 |   224 ||   768
 Fire: Hand crossbow     |    23 |    40 |    52 |    19 |     5 ||   139
       Blowgun           |       |       |    14 |    28 |     5 ||    47
Throw: Javelin           |       |       |     3 |    40 |    11 ||    54
       Stone             |       |       |    11 |       |     2 ||    13
Invok: Stomp             |       |     2 |     3 |     3 |     3 ||    11
       Line Pass         |       |       |     1 |     1 |       ||     2
Evoke: Wand              |       |       |     3 |    13 |     4 ||    20
       Sack of spiders   |       |       |       |     4 |     3 ||     7
  Use: Scroll            |     1 |    19 |     9 |     9 |     7 ||    45
       Potion            |       |     1 |     6 |     8 |     3 ||    18
 Stab: Sleeping          |     1 |     1 |       |     3 |       ||     5
       Paralysed         |       |     4 |     7 |    28 |    29 ||    68
       Invisible         |       |       |     3 |       |       ||     3
       Confused          |       |       |       |     1 |       ||     1
       Held in net/web   |       |       |       |     2 |     1 ||     3
  Eat: Chunk             |       |     6 |    14 |    35 |    11 ||    66
       Fruit             |       |     2 |     3 |     1 |       ||     6
       Bread ration      |       |       |     1 |       |       ||     1
       Meat ration       |       |       |       |     2 |       ||     2
       Beef jerky        |       |       |       |     1 |       ||     1
Armor: Leather armour    |    11 |       |       |       |       ||    11
       Ring mail         |    40 |   112 |   253 |   368 |   138 ||   911
       Skin              |       |       |   134 |    47 |       ||   181
Dodge: Dodged            |    71 |   153 |   420 |   754 |   288 ||  1686
       Rpst.: Scimitar   |       |       |       |   123 |    45 ||   168
